 Dungeon Crawl Stone Soup version 0.20.1-1-g8b1a95d (webtiles) character file.

10334 vomix the Severer (level 11, -4/123 HPs)
             Began as a Minotaur Berserker on Aug 24, 2017.
             Was an Elder of Trog.
             Slain by Erica
             ... wielding a +4 scimitar of flaming
              (8 damage)
             ... on level 1 of the Lair of Beasts.
             The game lasted 00:32:07 (9384 turns).

vomix the Severer (Minotaur Berserker)              Turns: 9384, Time: 00:32:08

Health: -4/123     AC:  4    Str: 27    XL:     11   Next: 34%
Magic:  0/10       EV: 12    Int:  4    God:    Trog [****..]
Gold:   582        SH:  0    Dex: 13    Spells: 10/10 levels left

rFire    . . .     SeeInvis .   d - +0 battleaxe
rCold    . . .     Gourm    .   (shield currently unavailable)
rNeg     . . .     Faith    .   u - +4 ring mail {MR+}
rPois    +         Spirit   +   (helmet restricted)
rElec    .         Reflect  .   h - +0 cloak
rCorr    .         Harm     .   y - +1 pair of gloves
MR       ++...                  (no boots)
Stlth    ..........             D - amulet of guardian spirit
Regen    0.3/turn               o - ring of poison resistance
MPRegen  0.2/turn               I - ring of protection from magic

@: berserking (expiring), corroded, very quick
A: retaliatory headbutt, horns 2
a: Berserk, Trog's Hand, Brothers in Arms, Burn Spellbooks, Renounce Religion


You were on level 1 of the Lair of Beasts.
You worshipped Trog.
Trog was greatly pleased with you.
You were not hungry.

You visited 3 branches of the dungeon, and saw 12 of its levels.

You collected 692 gold pieces.
You spent 110 gold pieces at shops.

Inventory:

Hand Weapons
 d - a +0 battleaxe (weapon)
Armour
 h - a +0 cloak (worn)
 u - a +4 ring mail of magic resistance (worn)
 y - a +1 pair of gloves (worn)
Jewellery
 o - a ring of poison resistance (left hand)
 D - an amulet of guardian spirit (around neck)
 I - a ring of protection from magic (right hand)
Wands
 t - a wand of digging (10/24)
 B - a wand of acid (6/15)
 E - a wand of paralysis (8/24)
 F - a wand of digging (10/24)
 G - a wand of iceblast (7/15)
 J - a wand of enslavement (9/24)
Scrolls
 a - 3 scrolls of amnesia {unknown}
 j - 4 scrolls of teleportation
 k - 5 scrolls of remove curse
 q - 4 scrolls of fear {unknown}
 r - 4 scrolls of enchant weapon {unknown}
 v - a scroll of fog {unknown}
 w - 6 scrolls of recharging {unknown}
 x - 2 scrolls of blinking {unknown}
 z - 2 scrolls of magic mapping {unknown}
 A - a scroll of immolation {unknown}
 L - a scroll of enchant armour {unknown}
Potions
 b - a potion of heal wounds
 e - 3 potions of invisibility
 g - a potion of might
 i - a potion of haste
 m - 8 potions of curing
 n - 5 potions of flight
 C - 2 potions of resistance {unknown}
 H - a potion of mutation
 K - a potion of degeneration {unknown}
Comestibles
 c - 9 bread rations
 f - 9 meat rations
 l - 8 fruits
 s - 2 royal jellies


   Skills:
 - Level 3.6 Fighting
 + Level 19.6 Axes
 - Level 2.4 Armour
 - Level 2.1 Dodging


You had 10 spell levels left.
You didn't know any spells.

Dungeon Overview and Level Annotations

Branches:
Dungeon (10/15)            Temple (1/1) D:6            Lair (1/6) D:10
    Orc: D:9-12

Altars:
Ashenzari
Cheibriados
Dithmenos
Elyvilon
Fedhas
Gozag
Hepliaklqana
Kikubaaqudgha
Makhleb
Nemelex Xobeh
Okawaru
Qazlal
Ru
Sif Muna
Trog
Uskayaw
Vehumet
Xom
Yredelemnul
Zin
The Shining One

Shops:
D:7 !   D:8 :

Annotations:
Lair:1 exclusion: oklob plant, Erica


Innate Abilities, Weirdness & Mutations

You reflexively headbutt those who attack you in melee.
You have a pair of horns on your head.


Message History

Erica is heavily wounded.
Erica zaps a wand.
The bolt of acid hits you!
* * * LOW HITPOINT WARNING * * *
The acid corrodes you!
You are splashed with acid!
The acid burns!
* * * LOW HITPOINT WARNING * * *
You barely miss Erica. Your headbutt misses Erica.
Erica is heavily wounded.
You hit Erica. Your headbutt misses Erica.
Erica is heavily wounded.
Erica zaps a wand.
The bolt of acid hits you!
* * * LOW HITPOINT WARNING * * *
You are splashed with acid!
The acid burns!
* * * LOW HITPOINT WARNING * * *
You are too berserk!
You hit Erica. You headbutt Erica!
Erica is severely wounded.
You slash Erica!
Erica is almost dead.
Erica hits you with a scimitar of flaming!
You die...

...................
......####.....## ...
......# ##.P### ...
......# #.## ....
......# #.# ##...(.
......#####.#####.#.....
......................?.
##..#####P..............
##># ##......@@......
#.# #.............. #.##
##.............. #..#
#...........(... #.##
##.............. ###
###############


You could see Erica.

Vanquished Creatures
  A hydra (Lair:1)
  The ghost of p0werm0de the Skirmisher, a novice DsBe of Trog (D:6)
  A black mamba (Lair:1)
  A spiny frog (Lair:1)
  Joseph (D:8)
  2 komodo dragons (Lair:1)
  A troll (D:10)
  2 hippogriffs
  Sigmund (D:3)
  9 yaks
  A hungry ghost (D:8)
  Grum (D:8)
  Menkaure (D:5)
  A water moccasin (Lair:1)
  4 porcupines
  3 sky beasts
  3 black bears
  2 ice beasts
  An orc warrior (D:8)
  A necrophage (D:5)
  3 ogres
  2 phantoms
  4 centaurs
  2 crocodiles
  3 wolves (D:8)
  A big kobold (D:7)
  5 bullfrogs
  2 scorpions
  3 killer bees (D:10)
  The ghost of Zedayar the Shield-Bearer, a weakling FoFi (D:3)
  3 crimson imps
  A jelly (D:7)
  2 centaur zombies
  A bullfrog zombie (D:9)
  4 hounds
  7 orc priests
  Crazy Yiuf (D:7)
  A gnoll shaman (D:7)
  A centaur skeleton (D:10)
  Jessica (D:2)
  A bullfrog skeleton (D:6)
  Ijyb (D:3)
  Terence (D:2)
  2 iguanas (D:6)
  6 orc wizards
  6 worker ants
  3 hound skeletons
  A howler monkey zombie (D:6)
  2 worker ant zombies
  14 gnolls
  9 adders
  3 shadow imps
  2 oozes
  4 adder skeletons
  6 worms
  2 dart slugs
  6 leopard geckos
  30 orcs
  4 bats
  3 giant cockroaches
  11 hobgoblins
  24 jackals
  8 quokkas
  6 frilled lizards
  6 goblins
  A jackal skeleton (D:4)
  12 kobolds
  A leopard gecko zombie (D:6)
  23 rats
  A spectral orc (D:2)
  10 fungi (D:10)
  6 plants (D:10)
301 creatures vanquished.

Vanquished Creatures (collateral kills)
  A troll (D:10)
  6 yaks
  A water moccasin (Lair:1)
  2 porcupines (D:10)
  3 bullfrogs
13 creatures vanquished.

Vanquished Creatures (others)
  5 fungi (D:10)
  2 plants
7 creatures vanquished.

Grand Total: 321 creatures vanquished

Notes
Turn   | Place    | Note
-------+----------+-------------------------------------------
     0 | D:1      | vomix the Minotaur Berserker began the quest for the Orb.
     0 | D:1      | Reached XP level 1. HP: 19/19 MP: 0/0
    29 | D:1      | Reached skill level 4 in Axes
    45 | D:1      | Reached XP level 2. HP: 24/26 MP: 1/1
   256 | D:1      | Reached ** piety under Trog
   261 | D:1      | Reached skill level 5 in Axes
   321 | D:1      | Reached XP level 3. HP: 26/31 MP: 2/2
  1353 | D:2      | Reached XP level 4. HP: 37/39 MP: 3/3
  1389 | D:2      | Reached skill level 6 in Axes
  1407 | D:2      | Noticed Jessica
  1412 | D:2      | Killed Jessica
  1441 | D:2      | Noticed Terence
  1447 | D:2      | Killed Terence
  1491 | D:2      | Reached XP level 5. HP: 44/45 MP: 4/4
  1498 | D:2      | Reached skill level 7 in Axes
  1569 | D:2      | Found a glowing golden altar of the Shining One.
  1716 | D:2      | Found a basalt altar of Yredelemnul.
  2138 | D:3      | Reached *** piety under Trog
  2151 | D:3      | Reached skill level 8 in Axes
  2305 | D:3      | Noticed Sigmund
  2309 | D:3      | Noticed Zedayar's ghost (weakling FoFi)
  2319 | D:3      | Killed Sigmund
  2319 | D:3      | Reached skill level 9 in Axes
  2319 | D:3      | Reached XP level 6. HP: 27/51 MP: 5/5
  2327 | D:3      | Killed Zedayar's ghost
  2712 | D:3      | Noticed Ijyb
  2725 | D:3      | Killed Ijyb
  3148 | D:4      | Reached XP level 7. HP: 57/57 MP: 6/6
  3168 | D:4      | Reached skill level 10 in Axes
  3423 | D:5      | Entered Level 5 of the Dungeon
  3430 | D:5      | Reached **** piety under Trog
  3508 | D:5      | Reached skill level 11 in Axes
  3537 | D:5      | Noticed Menkaure
  3545 | D:5      | Killed Menkaure
  3545 | D:5      | Reached XP level 8. HP: 39/63 MP: 7/7
  3953 | D:5      | Reached skill level 12 in Axes
  4256 | D:6      | Found a blossoming altar of Fedhas.
  4267 | D:6      | Found a radiant altar of Vehumet.
  4272 | D:6      | Found a shadowy altar of Dithmenos.
  4273 | D:6      | Found an ancient bone altar of Kikubaaqudgha.
  4273 | D:6      | Found a shimmering altar of Xom.
  4275 | D:6      | Found a deep blue altar of Sif Muna.
  4279 | D:6      | Found a sparkling altar of Nemelex Xobeh.
  4320 | D:6      | Noticed p0werm0de's ghost (novice DsBe)
  4330 | D:6      | Killed p0werm0de's ghost
  4330 | D:6      | Reached skill level 13 in Axes
  4336 | D:6      | Found a staircase to the Ecumenical Temple.
  4347 | Temple   | Entered the Ecumenical Temple
  4753 | D:6      | Found a white marble altar of Elyvilon.
  5045 | D:7      | Found Waist's Distillery.
  5050 | D:7      | Bought a potion of curing for 30 gold pieces
  5050 | D:7      | Bought a potion of mutation for 80 gold pieces
  5107 | D:7      | Reached XP level 9. HP: 55/69 MP: 6/8
  5182 | D:7      | Reached skill level 14 in Axes
  5303 | D:7      | Found an opulent altar of Gozag.
  5360 | D:7      | Found a runed door.
  5365 | D:7      | Noticed Crazy Yiuf
  5368 | D:7      | Killed Crazy Yiuf
  5722 | D:7      | Reached ***** piety under Trog
  5815 | D:7      | Reached skill level 15 in Axes
  5920 | D:8      | Found an opulent altar of Gozag.
  5920 | D:8      | Noticed Joseph
  5944 | D:8      | Killed Joseph
  6141 | D:8      | Found Moaheroz's Book Boutique.
  6159 | D:8      | Noticed Grum
  6172 | D:8      | HP: 2/105 [Grum/spear (13)]
  6186 | D:8      | HP: 2/70 [Grum/spear (2)]
  6192 | D:8      | Reached skill level 16 in Axes
  6887 | D:8      | Killed Grum
  6907 | D:8      | Reached XP level 10. HP: 69/77 MP: 9/9
  7214 | D:9      | Reached skill level 17 in Axes
  7312 | D:9      | Found a burning altar of Makhleb.
  7752 | D:10     | Entered Level 10 of the Dungeon
  7827 | D:10     | Found a staircase to the Lair.
  7862 | D:10     | Reached skill level 18 in Axes
  8571 | Lair:1   | Entered Level 1 of the Lair of Beasts
  8599 | Lair:1   | Noticed a spiny frog
  8607 | Lair:1   | Killed a spiny frog
  8610 | Lair:1   | Reached XP level 11. HP: 69/82 MP: 8/10
  8737 | Lair:1   | Noticed a six-headed hydra
  8746 | Lair:1   | Killed a seven-headed hydra
  8819 | Lair:1   | Reached skill level 19 in Axes
  9056 | Lair:1   | Noticed an oklob plant
  9367 | Lair:1   | Noticed Erica
  9382 | Lair:1   | HP: 3/123 [acid (11)]
  9384 | Lair:1   | Slain by Erica

Skill      XL: |  1  2  3  4  5  6  7  8  9 10 11 |
---------------+----------------------------------+-----
Axes           | 4 5 6 9 11 13 16 18 19 | 19.6
Fighting       | |  3.6
Armour         | |  2.4
Dodging        | |  2.1

Action                   |  1- 3 |  4- 6 |  7- 9 | 10-12 || total
-------------------------+-------+-------+-------+-------++-------
Melee: Hand axe          |    97 |   117 |       |       ||   214
       Headbutt          |     6 |    31 |    57 |    50 ||   144
       War axe           |       |     8 |   280 |       ||   288
       Battleaxe         |       |       |     8 |   199 ||   207
Invok: Berserk           |       |     4 |    10 |     4 ||    18
       Trog's Hand       |       |     2 |     2 |       ||     4
       Brothers in Arms  |       |       |     1 |     6 ||     7
Evoke: Wand              |       |       |       |     2 ||     2
  Use: Scroll            |       |       |     9 |     2 ||    11
       Potion            |       |       |     2 |       ||     2
 Stab: Invisible         |       |       |     1 |       ||     1
  Eat: Chunk             |     1 |    11 |    19 |    11 ||    42
       Royal jelly       |       |       |     2 |     2 ||     4
Armor: Animal skin       |     9 |       |       |       ||     9
       Chain mail        |    23 |    23 |       |       ||    46
       Plate armour      |       |    42 |       |       ||    42
       Ring mail         |       |     2 |   111 |    65 ||   178
Dodge: Dodged            |    51 |    41 |   146 |    88 ||   326
